 Dungeon Crawl Stone Soup version 0.31-a0-150-g89dc3ad700 (webtiles) character file.

Game seed: 13620640622636550303

536 mopl the Tainter (level 7, -6/48 HPs)
             Began as a Formicid Venom Mage on June 8, 2023.
             Was an Initiate of Cheibriados.
             Mangled by Menkaure (9 damage)
             ... on level 5 of the Dungeon.
             The game lasted 00:07:25 (3094 turns).

mopl the Tainter (Formicid Venom Mage)              Turns: 3094, Time: 00:07:26

Health: -6/48      AC:  7    Str: 12 (14) XL:     7   Next: 50%
Magic:  4/11       EV: 11    Int: 18 (20) God:    Cheibriados [......]
Gold:   178        SH:  0    Dex: 16 (19) Spells: 1/12 levels left

rFire   . . .        x - +5 trident of Shame {venom, Int+3 Dex+4}
rCold   + . .        (no shield)
rNeg    . . .        e - +1 ring mail {rC+}
rPois   .            (helmet unavailable)
rElec   .            (no cloak)
rCorr   .            m - +0 pair of gloves
SInv    +            (no boots)
Will    .....        (no amulet)
Stlth   ++           (no ring)
HPRegen 0.28/turn    (no ring)
MPRegen 0.12/turn

%: no passive effects
@: very slightly contaminated, very slow
A: permanent stasis, dig shafts and tunnels, antennae 3, four strong arms
a: Dig, Shaft Self, Renounce Religion


You were on level 5 of the Dungeon.
You worshipped Cheibriados.
Cheibriados was noncommittal.
You visited 2 branches of the dungeon, and saw 6 of its levels.

You collected 178 gold pieces.

Inventory:

Hand Weapons
 c - a +1 dagger of protection
 d - a +0 quarterstaff
 x - the +5 trident of Shame (weapon) {venom, Int+3 Dex+4}
   (You found it on level 4 of the Dungeon)

   Int:       It affects your intelligence (+3).
   Dex:       It affects your dexterity (+4).
Missiles
 h - 5 boomerangs
Armour
 e - a +1 ring mail of cold resistance (worn)
 m - a +0 pair of gloves (worn)
 w - a +0 kite shield
Magical Staves
 g - a staff of conjuration
Wands
 o - a wand of iceblast (5)
Scrolls
 f - a scroll of torment {unknown}
 j - a scroll of fear {unknown}
 k - a scroll of teleportation {unknown}
 q - a scroll of enchant armour {unknown}
 r - a scroll of poison {unknown}
 t - a scroll of fog {unknown}
 u - a scroll of magic mapping {unknown}
Potions
 a - 2 potions of degeneration
 b - a potion of magic
 i - 2 potions of curing
 l - a potion of might
 n - a potion of ambrosia
 p - a potion of haste
 s - a potion of invisibility


   Skills:
 + Level 1.0 Fighting
 + Level 1.0 Armour
 + Level 2.0 Dodging
 - Level 2.4 Stealth
 + Level 0.2 Shields
 - Level 3.0 Spellcasting
 - Level 1.1 Transmutations
 + Level 9.6 Poison Magic
 + Level 1.1 Invocations


You had one spell level left.
You knew the following spells:

 Your Spells              Type           Power      Damage    Failure   Level
a - Sting                 Tmut/Pois      88%        1d7       4%          1
c - Mephitic Cloud        Conj/Pois/Air  14%        N/A       30%         3
g - Ignite Poison         Fire/Tmut/Pois 15%        N/A       26%         3
o - Olgreb's Toxic Radia  Pois           37%        N/A       7%          4

Your spell library contained the following spells:

 Spells                   Type           Power      Damage    Failure   Level
 Poisonous Vapours        Pois/Air       40%        N/A       8%          2
 Passwall                 Tmut/Erth      3%         N/A       41%         2
 Ensorcelled Hibernation  Hex/Ice        4%         N/A       50%         2
 Sticky Flame             Conj/Fire      2%         2d3       98%         4
 Ignition                 Fire           1%         3d3       100%        8
 Swiftness                Air            Unusable   N/A       N/A         3

Dungeon Overview and Level Annotations

Branches:
Dungeon (5/15)             Temple (1/1) D:4

Altars:
Cheibriados
Fedhas
Gozag
Hepliaklqana
Kikubaaqudgha
Ru
Sif Muna
Trog
Uskayaw
Vehumet
Wu Jian
Yredelemnul

Annotations:
D:3 4 runed translucent doors, Crazy Yiuf; discopopstar's ghost, amateur KoMo
D:5 Menkaure


Innate Abilities, Weirdness & Mutations

You cannot be hasted, slowed, berserked, paralysed or teleported.
You can dig through walls and to a lower floor.
You have a pair of large antennae on your head. (SInv)
Your four strong arms can wield two-handed weapons with a shield.


Message History

The stinking cloud engulfs Menkaure but does no damage.
Casting: Mephitic Cloud (dangerous; 24% risk of failure)
Confirm with . or Enter, or press ? or * to list all spells.
You miscast Ignite Poison.
You are very lightly contaminated with residual magic.
Your body is flooded with distortional energies.
Unknown command.
You barely miss Menkaure. Menkaure hits you but does no damage.
You hit Menkaure.
Menkaure is moderately damaged.
Menkaure barely misses you.
You closely miss Menkaure.
Menkaure is moderately damaged.
Menkaure hits you!
You barely miss Menkaure.
Menkaure is moderately damaged.
Menkaure hits you.
Casting: Ignite Poison (dangerous; 21% risk of failure)
Confirm with . or Enter, or press ? or * to list all spells.
You can't see any susceptible monsters within range! (Use Z to cast anyway.)
You hit Menkaure.
Menkaure is heavily damaged.
Menkaure casts a spell at you. Pain shoots through your body!
You hit Menkaure.
Menkaure is severely damaged.
Menkaure gestures wildly while chanting.
Menkaure seems to speed up.
You barely miss Menkaure.
Menkaure is severely damaged.
Menkaure calls on the powers of darkness!
Your body is wracked with pain!
* * * LOW HITPOINT WARNING * * *
Menkaure hits you!
* * * LOW HITPOINT WARNING * * *
It was a potion of degeneration.
There was something very wrong with that liquid.
You feel weakened.
You feel dopey.
You feel clumsy. Menkaure hits you!
You die...

################### ..
#.........#...)##.. ...
####..............##..
...###>...........)........
...........................
..................#........
.............####.#......).
..........#.......#........
........#M@.....######.....
##......#.........#........
#......#.........#........
#......#..................
#.....##..................
..M.### #..........###.....
.... #........... #.....
... .....#.... #.....
####..


You could see Menkaure (fast).

Vanquished Creatures
  An ogre (D:4)
  2 phantoms
  A jelly (D:4)
  An orc priest (D:4)
  2 orc wizards (D:3)
  2 iguanas
  4 adders
  2 worms (D:4)
  4 dart slugs
  10 orcs
  4 ball pythons
  4 bats
  8 endoplasms
  3 giant cockroaches
  4 goblins
  7 hobgoblins
  4 jackals
  4 quokkas
  6 frilled lizards
  10 kobolds
  3 rats
86 creatures vanquished.

Notes
Turn   | Place    | Note
-------+----------+-------------------------------------------
     0 | D:1      | mopl the Formicid Venom Mage began the quest for the Orb.
     0 | D:1      | Reached XP level 1. HP: 13/13 MP: 3/3
   147 | D:1      | Reached XP level 2. HP: 19/19 MP: 1/5
   485 | D:1      | Reached XP level 3. HP: 24/24 MP: 7/7
   870 | D:2      | Reached skill level 3 in Spellcasting
   870 | D:2      | Reached skill level 5 in Poison Magic
   924 | D:2      | Learned a level 3 spell: Mephitic Cloud
   962 | D:2      | Reached XP level 4. HP: 26/30 MP: 3/8
  1030 | D:2      | Found an opulent altar of Gozag.
  1122 | D:2      | Learned a level 4 spell: Olgreb's Toxic Radiance
  1376 | D:3      | Reached skill level 6 in Poison Magic
  1412 | D:3      | Found a runed translucent gate.
  1421 | D:3      | Found a runed translucent gate.
  1422 | D:3      | Found a runed translucent gate.
  1423 | D:3      | Noticed discopopstar's ghost (amateur KoMo)
  1475 | D:3      | Identified the +0 short sword "Hydrabane" {pain, rF+}
  1475 | D:3      | Identified the +4 chain mail "Cenudd" {rN+ Will+ Dex+3}
  1520 | D:3      | Reached XP level 5. HP: 24/35 MP: 6/9
  1893 | D:3      | Found a runed translucent door.
  1894 | D:3      | Noticed Crazy Yiuf
  1960 | D:3      | Reached skill level 7 in Poison Magic
  2004 | D:4      | Noticed a phantom
  2028 | D:3      | Killed a phantom
  2029 | D:3      | Reached skill level 8 in Poison Magic
  2029 | D:3      | Reached XP level 6. HP: 27/41 MP: 10/10
  2367 | D:4      | Reached skill level 9 in Poison Magic
  2397 | D:4      | Noticed an ogre
  2404 | D:4      | Killed an ogre
  2405 | D:4      | Reached XP level 7. HP: 16/46 MP: 4/11
  2575 | D:4      | Found a staircase to the Ecumenical Temple.
  2588 | Temple   | Entered the Ecumenical Temple
  2684 | Temple   | Became a worshipper of Cheibriados the Contemplative
  2826 | D:4      | Reached skill level 2 in Dodging
  2853 | D:4      | Reached skill level 1 in Invocations
  2896 | D:4      | Identified the +5 trident of Shame {venom, Int+3 Dex+4}
  2966 | D:5      | Entered Level 5 of the Dungeon
  3036 | D:5      | Reached skill level 1 in Fighting
  3036 | D:5      | Reached skill level 1 in Armour
  3068 | D:5      | Noticed Menkaure
  3081 | D:5      | Learned a level 3 spell: Ignite Poison
  3094 | D:5      | Mangled by Menkaure

Illustrated notes

Levels and vault maps discovered:
D:1:      wander_arrival_lonely_grave, layout_basic, hex_medium
D:2:      layout_basic, basic_altar
D:3:      layout_loops_ring, biasface_ghost_orc_armoury, uniq_crazy_yiuf_cottage
D:4:      layout_rooms, minmay_temple_entry_overgrown, serial_rivers,
          chequers_serial_rivers_small_b, chequers_serial_rivers_room_b,
          chequers_serial_rivers_small_a, chequers_serial_rivers_small_3
D:5:      layout_basic, uniq_menkaure
Temple:   nicolae_temple_slightly_damp_pantheon

Skill      XL: |  1  2  3  4  5  6  7 |
---------------+----------------------+-----
Spellcasting   | 3 |  3.0
Poison Magic   | 5 6 8 9 |  9.6
Dodging        | 2 |  2.0
Invocations    | 1 |  1.1
Fighting       | 1 |  1.0
Armour         | 1 |  1.0
Stealth        | |  2.4
Shields        | |  0.2
Transmutations | |  1.1

Action                     |  1- 3 |  4- 6 |  7- 9 || total
---------------------------+-------+-------+-------++-------
  Melee: Unarmed           |     5 |       |       ||     5
         Quarterstaff      |    34 |    53 |    19 ||   106
         Dagger            |     1 |       |       ||     1
         Punch             |     1 |       |       ||     1
         Trident           |       |       |    16 ||    16
   Cast: Sting             |    27 |    62 |     6 ||    95
         Olgreb's Toxic Ra |       |     4 |     1 ||     5
         Mephitic Cloud    |       |       |     2 ||     2
  Evoke: Wand              |       |     1 |       ||     1
    Use: Scroll            |       |     6 |       ||     6
         Potion            |       |       |     1 ||     1
   Stab: Sleeping          |     1 |       |     1 ||     2
 Armour: Robe              |     6 |    11 |     5 ||    22
         Ring mail         |       |       |     1 ||     1
  Dodge: Dodged            |    44 |    44 |    15 ||   103

Table legend: (Time is in decaauts)
 A = Elapsed time spent in this place.
 B = Non-inter-level travel time spent in this place.
 C = Inter-level travel time spent in this place.
 D = Time resting spent in this place.
 E = Time spent auto-exploring this place.
 F = Levels seen in this place.
 G = Mean time per level.
                   A        B        C        D        E       F      G
               +--------+--------+--------+--------+--------+-----+--------+
         Total |   3238 |   3158 |     80 |    213 |   2135 |   6 |  539.7 |
       Dungeon |   3114 |   3060 |     54 |    213 |   2061 |   5 |  622.8 |
        Temple |    123 |     97 |     26 |      0 |     74 |   1 |  123.0 |
               +--------+--------+--------+--------+--------+-----+--------+

Top non-repeatable levels by time:
     D:4: 864 daAuts
     D:3: 856 daAuts
     D:1: 846 daAuts
     D:2: 391 daAuts
     D:5: 156 daAuts
  Temple: 123 daAuts
